AoeStats
← Savitar1678

Glade

510394738Analyzed
1v1 RM · 19h ago on Sep 30, 2026· 30m 56s· 2 players
Game mode
Random Map
Map size
Tiny (2 player)
Population
200
Speed
Normal
Resources
Standard
Victory
Conquest
Starting age
Dark Age
Ending age
Imperial Age
RankedLock teamsTeams togetherTeam positionsShared explorationLock speedFull tech treeHidden civsTurbo modeCheats
Victory
Defeat
🇺🇸 Burgundians · United States
1021
+14
🇧🇷 Japanese · Brazil
988
-14
bleal86
11:06 Feudal Age
11:48 Double-Bit Axe
11:33 Man-at-Arms
12:01 Arson
15:09 Horse Collar
20:15 Castle Age
21:06 Gambesons
20:43 Long Swordsman
22:16 Gold Mining
23:18 Stone Mining
24:18 Pikeman
24:58 Squires
25:13 Loom
26:16 Bow Saw
Savitar1678
10:28 Feudal Age
10:01 Double-Bit Axe
10:31 Loom
13:23 Gold Mining
15:29 Fletching
22:51 Castle Age
22:26 Bow Saw
23:02 Gold Shaft Mining
22:47 Padded Archer Armor
22:57 Crossbowman
25:58 Husbandry
28:44 Wheelbarrow
27:56 Town Watch
28:01 Loom
Connection lost

Rejoining the realm…

Still unreachable

The connection could not be restored.

Session expired

The server has moved on; the page needs a fresh start.